 Dungeon Crawl Stone Soup version 0.29.0-4-gdea44cf6ec (webtiles) character file.

Game seed: 15924996270255935722

657 qw the Chopper (level 7, -1/44 HPs)
             Began as a Gargoyle Fighter on Sept 6, 2022.
             Was an Initiate of Okawaru.
             Slain by an ogre
             ... wielding a +0 giant spiked club
              (19 damage)
             ... on level 5 of the Dungeon.
             The game lasted 00:01:49 (4201 turns).

qw the Chopper (Gargoyle Fighter)                   Turns: 4201, Time: 00:01:50

Health: -1/44      AC: 16    Str: 21 (22) XL:     7   Next: 55%
Magic:  6/7        EV:  5    Int:  6 (8)  God:    Okawaru [......]
Gold:   171        SH:  4    Dex:  7 (9)  Spells: 6/6 levels left

rFire   + . .      SeeInvis +   Y - +1 war axe
rCold   . . .      Faith    .   c - +0 buckler
rNeg    + . .      Spirit   .   t - +0 plate armour
rPois   inf        Reflect  .   (no helmet)
rElec   +          Harm     .   (no cloak)
rCorr   .          Rampage  .   (no gloves)
Will    .....                   (no boots)
Stlth   ..........              m - amulet of the acrobat
HPRegen 0.14/turn               h - ring of see invisible
MPRegen 0.10/turn               k - ring of protection from fire

@: no status effects
A: sickness immunity, AC +4, negative energy resistance 1, electricity
resistance, torment resistance 1, petrification resistance
a: Renounce Religion


You were on level 5 of the Dungeon.
You worshipped Okawaru.
Okawaru was noncommittal.
You visited 2 branches of the dungeon, and saw 6 of its levels.
You also visited: Ossuary.

You collected 201 gold pieces.
You spent 30 gold pieces at shops.


Innate Abilities, Weirdness & Mutations

You are immune to sickness and miasma.
Your stone body is resilient. (AC +4)
You are immune to poison.
You resist negative energy. (rN+)
You are resistant to electric shocks. (rElec)
You are resistant to unholy torment.
You are immune to petrification.


   Skills:
 + Level 4.5 Fighting
 - Level 7.0 Axes
 - Level 3.2 Armour
 - Level 3.2 Shields
 - Level 0.7 Invocations


You had 6 spell levels left.
You didn't know any spells.
Your spell library was empty.

Inventory:

Hand Weapons
 r - a +0 mace
 Y - a +1 war axe (weapon)
Armour
 c - a +0 buckler (worn)
 t - a +0 plate armour (worn)
Jewellery
 a - an amulet of regeneration
 h - a ring of see invisible (left hand)
 k - a ring of protection from fire (right hand)
 m - an amulet of the acrobat (around neck)
 o - a +6 ring of dexterity
 p - a ring of ice
Scrolls
 e - a scroll of fog
 i - 2 scrolls of teleportation
Potions
 b - a potion of attraction {unknown}
 d - a potion of might
 f - a potion of heal wounds
 j - a potion of ambrosia {unknown}
 l - a potion of haste {unknown}
 q - a potion of lignification
 s - a potion of curing

Dungeon Overview and Level Annotations

Branches:
Dungeon (5/15)             Temple (1/1) D:4         Ossuary (visited)

Altars:
Ashenzari
Cheibriados
Dithmenos
Elyvilon
Fedhas
Gozag
Hepliaklqana
Makhleb
Nemelex Xobeh
Okawaru
Ru
Vehumet
The Shining One

Shops:
D:2 ?   D:3 [   D:4 (


Message History

You can no longer gain great but temporary skills.
You closely miss the phantom. You completely miss the ogre. You hit the orc.
You barely miss the orc.
The orc is severely wounded.
You hit the ogre. You miss the phantom. The phantom hits you.
The phantom blinks!
You blink.
You hit the orc but do no damage.
The orc is severely wounded.
You hit the phantom.
The phantom hits you but does no damage.
The orc barely misses you.
You slash the orc!
You kill the orc!
Okawaru accepts your kill.
You miss the phantom.
The phantom hits you but does no damage.
You slash the ogre!
The ogre is heavily wounded.
You closely miss the phantom. The phantom closely misses you.
The ogre hits you but does no damage.
You barely miss the ogre.
The ogre is heavily wounded.
You hit the phantom. The phantom hits you. The ogre barely misses you.
You hit the ogre.
The ogre is severely wounded.
You hit the phantom.
The phantom hits you but does no damage.
You barely miss the ogre.
The ogre is severely wounded.
You hit the phantom but do no damage.
You feel like a meek peon again.
The phantom hits you but does no damage.
The ogre hits you with a +0 giant spiked club!!
You hit the ogre.
The ogre is almost dead.
You barely miss the phantom.
The phantom hits you but does no damage.
The ogre hits you with a +0 giant spiked club!!
You die...

#.#.# #.#.#
##.#.## ....>#
#.#..###
#########......
............####
#......W......#
#...^.@.<#....#
######O########
...............
######.$#######
...) .#.#. #.#.
.# . .. .# .. ..
.#


You could see an ogre and a phantom.

Vanquished Creatures
  An ogre (D:4)
  An elf zombie (Ossuary)
  5 centaur zombies (Ossuary)
  An iguana (D:4)
  Jessica (D:2)
  3 orc wizards (D:4)
  3 mummies (Ossuary)
  5 adders
  3 ufetubi (D:4)
  5 adder zombies (Ossuary)
  2 worms
  4 dart slugs
  7 orcs
  9 ball pythons
  2 bats (D:1)
  6 endoplasms
  A giant cockroach (D:4)
  A gnoll zombie (Ossuary)
  7 goblins
  7 hobgoblins
  4 kobolds
  A quokka (D:4)
  6 frilled lizards
  5 goblin zombies (Ossuary)
  3 hobgoblin zombies (Ossuary)
  6 jackal zombies (Ossuary)
  4 kobold zombies (Ossuary)
  3 orc zombies (Ossuary)
  5 rats
  A rat zombie (Ossuary)
112 creatures vanquished.

Notes
Turn   | Place    | Note
-------+----------+-------------------------------------------
     0 | D:1      | qw the Gargoyle Fighter began the quest for the Orb.
     0 | D:1      | Reached XP level 1. HP: 14/14 MP: 1/1
     0 | D:1      | 0 ||| qw: Version: 0.1-a-108-g9e35731
     0 | D:1      | 0 ||| qw: Game counter: 6264
     0 | D:1      | 0 ||| qw: Always use a shield: true
     0 | D:1      | 0 ||| qw: God list: Okawaru
     0 | D:1      | 0 ||| qw: Allow faded altars: false
     0 | D:1      | 0 ||| qw: Do Orc after D:15 true
     0 | D:1      | 0 ||| qw: Do second Lair branch before Depths: true
     0 | D:1      | 0 ||| qw: Lair rune preference: random
     0 | D:1      | 0 ||| qw: Plans: Normal, Zot, God:TSO, Crypt, Tomb, Zig,
                  | Orb
     0 | D:1      | 0 ||| PLANNING D:1-11
    25 | D:1      | 25 ||| Stepping ~*~*~tactically~*~*~ (hiding).
    26 | D:1      | 26 ||| Stepping ~*~*~tactically~*~*~ (hiding).
    33 | D:1      | Reached skill level 2 in Axes
   426 | D:1      | Reached XP level 2. HP: 19/19 MP: 2/2
   824 | D:1      | Reached skill level 3 in Axes
   974 | D:1      | 974 ||| UPGRADING to ring of see invisible.
   975 | D:1      | 975 ||| READING scroll labelled WAIKKI ZYEF.
   976 | D:1      | 976 ||| READING scroll labelled ZUNUEL SIAR.
   977 | D:1      | 977 ||| READING scroll labelled OSSEXK ISEPI.
   978 | D:1      | 978 ||| READING scroll labelled XACLOLEU MUEXT.
   990 | D:1      | Reached XP level 3. HP: 23/23 MP: 3/3
  1086 | D:2      | Found Ojoth's Magic Scroll Shoppe.
  1091 | D:2      | 1091 ||| BUYING scroll of teleportation (30 gold).
  1091 | D:2      | Bought a scroll of teleportation for 30 gold pieces
  1091 | D:2      | 1091 ||| SHOPLISTING scroll of teleportation (30 gold, have
                  | 9).
  1144 | D:2      | Noticed Jessica
  1148 | D:2      | Killed Jessica
  1330 | D:2      | Reached XP level 4. HP: 28/28 MP: 4/4
  1708 | D:2      | 1708 ||| UPGRADING to ring of protection from fire.
  1709 | D:2      | 1709 ||| READING 2 scrolls labelled LEBUSA DO DUST.
  1710 | D:2      | 1710 ||| READING scroll labelled QALOARGH SUTET.
  1711 | D:2      | 1711 ||| READING scroll labelled UCAEPN QIJEXIQ.
  1712 | D:2      | 1712 ||| READING scroll labelled GIOKKE YSCHA.
  1824 | D:3      | 1824 ||| Stepping ~*~*~tactically~*~*~ (stealth).
  1832 | D:3      | 1832 ||| FLEEEEING.
  1833 | D:3      | 1833 ||| FLEEEEING.
  1834 | D:3      | 1834 ||| FLEEEEING.
  1836 | D:3      | 1836 ||| FLEEEEING.
  1843 | D:3      | Reached skill level 4 in Axes
  1872 | D:3      | Found a broken altar of Ashenzari.
  1905 | D:3      | 1905 ||| Stepping ~*~*~tactically~*~*~ (stealth).
  2023 | D:3      | 2023 ||| Stepping ~*~*~tactically~*~*~ (hiding).
  2433 | D:3      | 2433 ||| Stepping ~*~*~tactically~*~*~ (stealth).
  2438 | D:3      | 2438 ||| DROPPING +0 club.
  2503 | D:3      | Found Muefur's Antique Armour Emporium.
  2510 | D:3      | Reached XP level 5. HP: 32/32 MP: 5/5
  2512 | D:3      | 2512 ||| SHOPLISTING helmet (103 gold, have 55).
  2512 | D:3      | 2512 ||| SHOPLISTING plate armour (529 gold, have 55).
  2512 | D:3      | 2512 ||| SHOPLISTING shiny steam dragon scales (989 gold,
                  | have 55).
  2517 | D:3      | 2517 ||| DROPPING scarf of harm.
  2518 | D:3      | 2518 ||| UPGRADING to amulet of the acrobat.
  2527 | D:4      | 2527 ||| PLANNING OSSUARY
  2529 | D:4      | Found a staircase to the Ecumenical Temple.
  2530 | D:4      | 2530 ||| PLANNING TEMPLE
  2550 | Temple   | Entered the Ecumenical Temple
  2619 | Temple   | 2619 ||| PLANNING OSSUARY
  2700 | D:4      | 2700 ||| Stepping ~*~*~tactically~*~*~ (stealth).
  2702 | D:4      | 2702 ||| Stepping ~*~*~tactically~*~*~ (stealth).
  2771 | D:4      | Found Odaxkihu's Weapon Shop.
  2851 | D:4      | Found an iron altar of Okawaru.
  2851 | D:4      | Found a sparkling altar of Nemelex Xobeh.
  2855 | D:4      | Became a worshipper of Warmaster Okawaru
  3020 | D:4      | Found a sand-covered staircase.
  3021 | D:4      | 3021 ||| UPGRADING to +0 plate armour.
  3031 | D:4      | 3031 ||| DROPPING +0 scale mail.
  3032 | D:4      | 3032 ||| READING 3 scrolls labelled QIRYHEOROUK.
  3033 | D:4      | 3033 ||| DRINKING 2 fuming yellow potions.
  3034 | D:4      | 3034 ||| DROPPING potion of flight.
  3035 | D:4      | 3035 ||| DROPPING 2 scrolls of poison.
  3040 | Ossuary  | Entered an ossuary
  3048 | Ossuary  | 3048 ||| Stepping ~*~*~tactically~*~*~ (stealth).
  3065 | Ossuary  | Reached skill level 5 in Axes
  3079 | Ossuary  | 3079 ||| Stepping ~*~*~tactically~*~*~ (stealth).
  3093 | Ossuary  | Reached XP level 6. HP: 33/39 MP: 6/6
  3183 | Ossuary  | 3183 ||| Stepping ~*~*~tactically~*~*~ (stealth).
  3185 | Ossuary  | 3185 ||| Stepping ~*~*~tactically~*~*~ (stealth).
  3257 | Ossuary  | 3257 ||| Stepping ~*~*~tactically~*~*~ (stealth).
  3296 | Ossuary  | 3296 ||| Stepping ~*~*~tactically~*~*~ (stealth).
  3339 | Ossuary  | Reached skill level 6 in Axes
  3374 | Ossuary  | Reached XP level 7. HP: 44/44 MP: 7/7
  3506 | Ossuary  | 3506 ||| READING scroll labelled KISI XUYRE.
  3507 | Ossuary  | 3507 ||| DRINKING 2 ruby potions.
  3508 | Ossuary  | 3508 ||| DRINKING 2 coppery potions.
  3509 | Ossuary  | 3509 ||| DRINKING 2 murky silvery potions.
  3547 | Ossuary  | 3547 ||| DRINKING 2 white potions.
  3548 | Ossuary  | 3548 ||| DROPPING potion of degeneration.
  3559 | D:4      | 3559 ||| PLANNING D:1-11
  3588 | D:4      | HP: 7/44 [ogre/+0 giant spiked club (7)]
  3589 | D:4      | 3589 ||| READING 2 scrolls of teleportation.
  3590 | D:4      | 3590 ||| DRINKING potion of heal wounds.
  3734 | D:4      | Reached skill level 7 in Axes
  3846 | D:4      | Reached * piety under Okawaru
  4181 | D:5      | Entered Level 5 of the Dungeon
  4188 | D:5      | 4188 ||| INVOKING Heroism.
  4201 | D:5      | Slain by an ogre

Levels and vault maps discovered:
D:1:      lightli_arrival_flooded_house, layout_loops_ring,
          nicolae_figureground_pulse
D:2:      layout_loops_cross, serial_shops, nicolae_shop_stone,
          serial_bayou_pond_d, uniq_jessica
D:3:      layout_loops_ring, ashenzari_conservatory_becter, serial_shops,
          nicolae_shop_waterfront, kennysheep_generic_room_2
D:4:      layout_cave_pods, gammafunk_temple_overflow_wave,
          minmay_temple_entry_grid, enter_ossuary_5, serial_shops, shop
D:5:      layout_basic
Temple:   eino_temple_lava

Skill      XL: |  1  2  3  4  5  6  7 |
---------------+----------------------+-----
Axes           | 2 3 4 5 6 7 |  7.0
Fighting       | 4 |  4.5
Armour         | |  3.2
Shields        | |  3.2
Invocations    | |  0.7

Action                   |  1- 3 |  4- 6 |  7- 9 || total
-------------------------+-------+-------+-------++-------
Melee: War axe           |    64 |   168 |    63 ||   295
Throw: Boomerang         |    19 |    84 |     7 ||   110
Invok: Heroism           |       |       |     1 ||     1
  Use: Scroll            |     4 |     5 |     2 ||    11
       Potion            |       |     1 |     5 ||     6
Armor: Scale mail        |    27 |    28 |       ||    55
       Plate armour      |       |    86 |    58 ||   144
Dodge: Dodged            |    21 |    65 |    24 ||   110
Block: Buckler           |    10 |    30 |    11 ||    51

Table legend:
 A = Non-vault XP
 B = Vault XP
 C = Vault XP percentage of total XP
 D = Non-vault monster count
 E = Vault monster count
 F = Vault count percentage of total count
                 A         B        C        D         E       F
            +---------+---------+-------+---------+---------+-------
      Total |     466 |     473 |  50.4 |      71 |      41 |  36.6
            +---------+---------+-------+---------+---------+-------
        D:1 |      34 |       0 |   0.0 |      17 |       0 |   0.0
        D:2 |      15 |      37 |  71.2 |      11 |       1 |   8.3
        D:3 |      70 |       9 |  11.4 |      19 |       3 |  13.6
        D:4 |     344 |       0 |   0.0 |      23 |       0 |   0.0
        D:5 |       3 |       0 |   0.0 |       1 |       0 |   0.0
    Ossuary |       0 |     427 | 100.0 |       0 |      37 | 100.0
            +---------+---------+-------+---------+---------+-------
